 Dungeon Crawl Stone Soup version 0.15.0-13-gb296d5c (console) character file.

1740 gw the Skirmisher (level 9, -3/49 HPs)
             Began as a Vine Stalker Berserker on Sept 3, 2014.
             Was a Priest of Trog.
             Slain by a yellow wasp (6 damage)
             ... on Level 6 of the Dungeon.
             The game lasted 00:03:57 (7410 turns).

gw the Skirmisher (Vine Stalker Berserker)          Turns: 7410, Time: 00:03:57

HP  -3/49        AC  5     Str 21      XL: 9   Next:  5%
MP   0/12        EV 13     Int  7      God: Trog [***...]
Gold 0           SH  0     Dex 18      Spells:  0 memorised,  8 levels left

rFire  . . .     SeeInvis .     h - +1 dagger (elec)
rCold  . . .     Clarity  .     k - +0 ring mail
rNeg   . . .     rCorr    .     (no shield)
rPois  .         rRot     +     (no helmet)
rElec  .         Spirit   +     (no cloak)
SustAb .         Warding  .     (no gloves)
rMut   .         Stasis   .     (no boots)
Gourm  .                        (no amulet)
MR     +++..                    (no ring)
                                a - +2 ring of strength

@: lethally poisoned, regenerating, slowed, very slow, extremely resistant to
hostile enchantments, very unstealthy
A: fangs 3, regeneration 2, magic shield, antimagic bite, no device heal 3, rot
immunity
a: Burn Spellbooks, Berserk, Trog's Hand, Renounce Religion


You were on level 6 of the Dungeon.
You worshipped Trog.
Trog was most pleased with you.
You were very hungry.

You visited 1 branch of the dungeon, and saw 7 of its levels.

Inventory:

Hand weapons
 h - a +1 dagger of electrocution (weapon)
Missiles
 g - 128 stones
 p - 8 tomahawks (quivered)
Armour
 k - a +0 ring mail (worn)
Magical devices
 e - a wand of lightning (2)
 v - a wand of digging (12)
Comestibles
 c - 4 bread rations
 f - 4 meat rations
 i - 4 beef jerkies
 m - 2 fruits
Scrolls
 d - 9 scrolls of identify
 j - a scroll of enchant armour
 n - a scroll of fog
 o - 5 scrolls of remove curse
 q - a scroll of recharging
Jewellery
 a - a +2 ring of strength (left hand)
Potions
 b - a potion of invisibility
 r - a potion of restore abilities


   Skills:
 + Level 6.7 Fighting
 - Level 2.6 Short Blades
 + Level 5.6 Throwing
 - Level 1.5 Armour
 + Level 5.5 Dodging


You had 8 spell levels left.
You didn't know any spells.

Dungeon Overview and Level Annotations

Branches:
Dungeon (7/15)
 Temple: D:4-7

Altars:
Ashenzari
Elyvilon
Kikubaaqudgha
Sif Muna
Vehumet
Xom
Yredelemnul

Shops:
D:4 [


Innate Abilities, Weirdness & Mutations

You have razor-sharp teeth.
You heal very quickly.
When hurt, damage is shared between your health and your magic reserves.
Your bite disrupts and absorbs the magic of your enemies.
Potions and wands cannot restore your health.
You are immune to rotting.


Message History

You are feeling very hungry.
You feel sick. The yellow wasp barely misses you.
The yellow wasp closely misses you.
FLEEEEING!
MOVING TO (2,-1) MOVING TO (1,-1)
The yellow wasp stings you.
You feel yourself slow down.
MOVING TO (6,-3)
You feel sick.
The yellow wasp stings you but does no damage.
MOVING TO (5,-3)
The yellow wasp completely misses you.
MOVING TO (4,-2)
You feel yourself speed up. The yellow wasp stings you.
You feel yourself slow down.
MOVING TO (3,-2)
You feel yourself speed up. The yellow wasp stings you.
You feel yourself slow down. The yellow wasp stings you!
You die...

## ##.# #....# ### #.## #)%##
##...# ##.# ##..# ##...######...#
#).# ##....
####......#......####..# ##.....
.#...###......##..##...####......
.....###....#####................
#....##.....####...#.............
##...........##....##...#####....
#......##.....yf.####..####.....
##.....###.......# #..........#
##..)..##.......## ##..........
##..........#....# #...###....
....##.....##....# #.### ###..
.....###..###...#######.# ##.
......##...####..#..##..# ##
........##.#.###..#..#..#### #
......#..##..###.###..#.#..### #


You could see a yellow wasp.

Table legend:
 A = Turns spent in this place as a percentage of turns spent in the entire game.
 B = Non-inter-level travel turns spent in this place as a percentage of non-inter-level travel turns spent in the entire game.
 C = Inter-level travel turns spent in this place as a percentage of turns spent in this place.
 D = Turns resting spent in this place as a percentage of non-inter-level travel turns spent in this place.
 E = Turns spent auto-exploring this place as a percentage of non-inter-level travel turns spent in this place.
 F = Non-inter-level travel turns spent in this place divided by the number of levels of this place that you've seen.
                   A       B       C       D       E      F
               +-------+-------+-------+-------+-------+----------------------
         Total | 100.0 | 100.0 |   0.8 |   6.3 |  17.4 | 283.9
       Dungeon | 100.0 | 100.0 |   0.8 |   6.3 |  17.4 | 283.9
               +-------+-------+-------+-------+-------+----------------------

Table legend:
 A = Kills in this place as a percentage of kills in entire the game.
 B = Kills by you in this place as a percentage of kills by you in the entire game.
 C = Kills by friends in this place as a percentage of kills by friends in the entire game.
 D = Other kills in this place as a percentage of other kills in the entire game.
 E = Experience gained in this place as a percentage of experience gained in the entire game.
 F = Experience gained in this place divided by the number of levels of this place that you have seen.
                   A       B       C       D       E      F
               +-------+-------+-------+-------+-------+----------------------
         Total | 100.0 | 100.0 | 100.0 |  -nan | 100.0 | 355.3
       Dungeon | 100.0 | 100.0 | 100.0 |  -nan | 100.0 | 355.3
               +-------+-------+-------+-------+-------+----------------------

Vanquished Creatures
  2 ice beasts
  3 ogres
  2 orc warriors (D:6)
  2 giant frogs (D:6)
  A jelly (D:5)
  2 scorpions
  3 wights (D:6)
  A goliath beetle (D:6)
  A crimson imp (D:5)
  An orc priest (D:6)
  A centaur skeleton (D:5)
  3 hounds
  4 orc wizards
  5 worker ants
  An ogre zombie (D:5)
  A shadow imp (D:5)
  A giant mite (D:4)
  9 adders
  2 worms
  A gnoll skeleton (D:4)
  An iguana skeleton (D:6)
  12 giant geckos
  An ooze (D:3)
  18 orcs
  2 ball pythons
  A bat skeleton (D:5)
  6 giant cockroaches
  13 goblins
  14 hobgoblins
  23 jackals
  8 kobolds
  11 bats
  3 giant newts
  A goblin skeleton (D:4)
  A hobgoblin skeleton (D:6)
  2 kobold skeletons
  A kobold zombie (D:5)
  2 quokkas
  11 rats
  A rat zombie (D:6)
178 creatures vanquished.

Vanquished Creatures (collateral kills)
  A giant frog (D:7)
  An orc priest (D:4)
  An orc wizard (D:4)
  An adder (D:4)
  An orc (D:4)
  A jackal (D:6)
6 creatures vanquished.

Vanquished Creatures (others)
  A black bear (D:6)
1 creature vanquished.

Grand Total: 185 creatures vanquished

Notes
Turn   | Place    | Note
--------------------------------------------------------------
     0 | D:1      | gw, the Vine Stalker Berserker, began the quest for the Orb.
     0 | D:1      | Reached XP level 1. HP: 11/11 MP: 1/1
   162 | D:1      | Reached XP level 2. HP: 16/16 MP: 3/3
   261 | D:1      | Reached skill level 1 in Throwing
   481 | D:1      | Acquired Trog's second power
   481 | D:1      | Reached XP level 3. HP: 19/19 MP: 4/4
   797 | D:2      | Reached skill level 3 in Fighting
  1676 | D:3      | Reached XP level 4. HP: 22/24 MP: 5/5
  2189 | D:3      | Found a radiant altar of Vehumet.
  2465 | D:4      | Reached XP level 5. HP: 19/28 MP: 7/7
  2548 | D:4      | Noticed an ogre
  2561 | D:4      | Killed an ogre
  2652 | D:4      | Reached skill level 4 in Fighting
  2652 | D:4      | Gained mutation: You heal very quickly. [vine stalker growth]
  2652 | D:4      | Reached XP level 6. HP: 33/33 MP: 8/8
  2923 | D:4      | Found a deep blue altar of Sif Muna.
  2923 | D:4      | Found an ancient bone altar of Kikubaaqudgha.
  2926 | D:4      | Found a basalt altar of Yredelemnul.
  2928 | D:4      | Found a white marble altar of Elyvilon.
  2929 | D:4      | Found a shattered altar of Ashenzari.
  2930 | D:4      | Found a shimmering altar of Xom.
  2941 | D:4      | Found Chaidom's Armour Shop.
  2958 | D:4      | Acquired Trog's third power
  3715 | D:5      | Entered Level 5 of the Dungeon
  3892 | D:5      | Reached XP level 7. HP: 26/38 MP: 9/9
  4291 | D:5      | Reached skill level 5 in Fighting
  4944 | D:5      | Gained mutation: You have razor-sharp teeth. [vine stalker growth]
  4944 | D:5      | Reached XP level 8. HP: 38/44 MP: 11/11
  5747 | D:6      | Reached skill level 6 in Fighting
  5800 | D:6      | Reached skill level 5 in Dodging
  5905 | D:6      | Reached skill level 5 in Throwing
  6701 | D:6      | Reached XP level 9. HP: 49/49 MP: 12/12
  7396 | D:6      | Paralysed by a yellow wasp for 1 turns
  7410 | D:6      | Slain by a yellow wasp

Action                   |  1- 3 |  4- 6 |  7- 9 || total
-------------------------+-------+-------+-------++-------
Melee: Short sword       |    35 |       |       ||    35
       Dagger            |   100 |   152 |   161 ||   413
Throw: Stone             |    72 |    18 |     1 ||    91
       Javelin           |       |    59 |    52 ||   111
       Tomahawk          |       |     7 |    71 ||    78
Invok: Berserk           |     1 |     4 |     4 ||     9
       Trog's Hand       |       |     3 |     4 ||     7
       Brothers in Arms  |       |     1 |     4 ||     5
Evoke: Wand              |       |       |     2 ||     2
  Use: Potion            |     7 |     1 |     4 ||    12
       Scroll            |     7 |     1 |     3 ||    11
  Eat: Chunk             |     4 |    11 |    12 ||    27
       Bread ration      |       |       |     1 ||     1

Vault maps used:
D:1:      lemuel_arrival_broad_hall
D:2:      first_bread
D:3:      lemuel_coloured_pillars_altar
D:4:      grunt_temple_overflow_open, portal_sewer_entry_f, serial_shops, shop,
          minmay_misc_feat_rows
D:5:      kennysheep_small_circle
D:7:      minmay_temple_entry_crystal_x, enter_bailey_3
